 Dungeon Crawl Stone Soup version 0.21.1-1-g345015f (webtiles) character file.

194 zishaf the Chopper (level 5, 0/47 HPs)
             Began as a Hill Orc Monk on May 16, 2018.
             Slain by a gnoll
             ... wielding a +0 halberd
              (4 damage)
             ... on level 3 of the Dungeon.
             The game lasted 00:04:50 (2358 turns).

zishaf the Chopper (Hill Orc Monk)                  Turns: 2358, Time: 00:04:51

Health: 0/47       AC:  9    Str: 15    XL:     5   Next: 73%
Magic:  5/5        EV: 10    Int: 10    God:
Gold:   134        SH:  0    Dex: 13    Spells: 4/4 levels left

rFire    . . .     SeeInvis .   r - +0 halberd
rCold    . . .     Gourm    .   (shield currently unavailable)
rNeg     . . .     Faith    .   g - +0 scale mail
rPois    .         Spirit   .   l - +2 helmet
rElec    .         Reflect  .   (no cloak)
rCorr    .         Harm     .   (no gloves)
MR       .....                  (no boots)
Stlth    ..........             n - amulet of magic regeneration
HPRegen  0.15/turn              (no ring)
MPRegen  0.34/turn              (no ring)

@: no status effects
A: no striking features
a: no special abilities


You were on level 3 of the Dungeon.
You were not hungry.

You visited 1 branch of the dungeon, and saw 3 of its levels.

You collected 134 gold pieces.

Inventory:

Hand Weapons
 r - a +0 halberd (weapon)
Armour
 g - a +0 scale mail (worn)
 l - a +2 helmet (worn)
Jewellery
 n - an amulet of magic regeneration (around neck)
Wands
 o - a wand of iceblast (12)
Scrolls
 d - 3 scrolls of fear {unknown}
 f - a scroll of enchant weapon {unknown}
 h - a scroll of amnesia {unknown}
 i - a scroll of teleportation {unknown}
 j - 2 scrolls of identify {unknown}
 k - 2 scrolls of remove curse {unknown}
 p - a scroll of magic mapping {unknown}
Potions
 e - 2 potions of agility {unknown}
 m - a potion of curing
 q - a potion of might {unknown}
Comestibles
 b - 3 chunks of flesh
 c - 6 rations


   Skills:
 + Level 4.6 Fighting
   Level 7.0(7.1) Axes
 * Level 0.7(3.6) Polearms
 + Level 1.7 Armour
 - Level 2.4 Dodging
 - Level 1.5 Stealth


You had 4 spell levels left.
You didn't know any spells.

Dungeon Overview and Level Annotations

Branches:
Dungeon (3/15)

Altars:


Message History

Things that are here:
a stone; a ration The adder barely misses you.
It was a potion of curing.
You feel better. The adder bites you but does no damage.
The gnoll closely misses you.
You closely miss the adder. The adder barely misses you.
The adder bites you but does no damage.
The gnoll hits you from afar with a halberd.
Some of the chunks of flesh in your inventory have rotted away.
You closely miss the adder. The adder barely misses you.
The gnoll hits you from afar with a halberd.
* * * LOW HITPOINT WARNING * * *
You barely miss the adder.
The adder bites you but does no damage. x2
The gnoll hits you from afar with a halberd!
* * * LOW HITPOINT WARNING * * *
You hit the adder.
The adder is lightly wounded.
The adder bites you but does no damage.
The gnoll hits you from afar with a halberd.
You die...

#...........##............
#########.####............
#.# #............ #####.##
#............ #......#
#.....####### #......#
#.....# #......# #.....#
##### #......# #######
#.... #####@## #.... #S#
#.... #####g# #....
#..<(g# #.... #.....#
#.... #....(# #....
#....(# #.... #....)#
#.... .......). #####


You could see a gnoll, an adder and a goblin.

Vanquished Creatures
  Ijyb (D:3)
  Robin (D:3)
  2 adders (D:2)
  3 gnolls
  2 oozes
  2 worms (D:3)
  A dart slug (D:2)
  A leopard gecko (D:2)
  5 orcs (D:3)
  2 ball pythons
  6 giant cockroaches
  11 hobgoblins
  5 jackals (D:1)
  2 kobolds
  3 quokkas
  11 bats
  4 frilled lizards
  16 goblins
  9 rats
87 creatures vanquished.

Notes
Turn   | Place    | Note
-------+----------+-------------------------------------------
     0 | D:1      | zishaf the Hill Orc Monk began the quest for the Orb.
     0 | D:1      | Reached XP level 1. HP: 19/19 MP: 1/1
    89 | D:1      | Reached XP level 2. HP: 17/27 MP: 2/2
   371 | D:1      | Reached skill level 5 in Axes
   371 | D:1      | Reached XP level 3. HP: 17/33 MP: 3/3
  1031 | D:2      | Reached skill level 6 in Axes
  1031 | D:2      | Reached XP level 4. HP: 29/40 MP: 4/4
  1792 | D:3      | Reached skill level 7 in Axes
  1852 | D:3      | Noticed Robin
  1856 | D:3      | Reached XP level 5. HP: 45/46 MP: 5/5
  1873 | D:3      | Killed Robin
  2110 | D:3      | Reached skill level 1 in Armour
  2179 | D:3      | Noticed Ijyb
  2226 | D:3      | Killed Ijyb
  2358 | D:3      | Slain by a gnoll

Skill      XL: |  1  2  3  4  5 |
---------------+----------------+-----
Fighting       | 4 |  4.6
Axes           | 5 6 7 |  7.0
Armour         | 1 |  1.7
Polearms       | |  0.7
Dodging        | |  2.4
Stealth        | |  1.5

Action                   |  1- 3 |  4- 6 || total
-------------------------+-------+-------++-------
Melee: Hand axe          |   122 |   201 ||   323
       Halberd           |       |    13 ||    13
  Use: Potion            |       |     1 ||     1
 Stab: Sleeping          |     2 |       ||     2
  Eat: Chunk             |       |     5 ||     5
Armor: Robe              |     1 |       ||     1
       Ring mail         |    52 |       ||    52
       Scale mail        |       |    88 ||    88
Dodge: Dodged            |    89 |   126 ||   215
